 Dungeon Crawl Stone Soup version 0.30-a0-618-gd6c86c23d0 (webtiles) character file.

Game seed: 2659102235999851318

24 ragingrage the Sneak (level 3, -6/19 HPs)
             Began as a Vine Stalker Delver on Jan 9, 2023.
             Mangled by an iguana (8 damage)
             ... on level 5 of the Dungeon.
             The game lasted 00:00:38 (105 turns).

ragingrage the Sneak (Vine Stalker Delver)           Turns: 105, Time: 00:00:39

Health: -6/19      AC:  3    Str: 14    XL:     3   Next: 2%
Magic:  0/13       EV: 11    Int: 10    God:
Gold:   0          SH:  0    Dex: 17    Spells: 2/2 levels left

rFire   . . .      SeeInvis .    a - +0 short sword
rCold   . . .      Faith    .    (no shield)
rNeg    . . .      Spirit   +    b - +0 leather armour
rPois   .          Reflect  .    (no helmet)
rElec   .          Harm     .    (no cloak)
rCorr   .          Rampage  .    (no gloves)
Will    .....                    (no boots)
Stlth   +++                      (no amulet)
HPRegen 0.23/turn                h - ring of magical power
MPRegen 0.13/turn                (no ring)

@: no status effects
A: fangs 2, magic shield, antimagic bite, no potion heal 2
a: no special abilities


You were on level 5 of the Dungeon.
You visited 1 branch of the dungeon, and saw 2 of its levels.

Inventory:

Hand Weapons
 a - a +0 short sword (weapon)
Armour
 b - a +0 leather armour (worn)
Jewellery
 h - a ring of magical power (left hand)
Wands
 g - a wand of digging (3)
Scrolls
 c - a scroll of fog
 d - a scroll of magic mapping
 e - a scroll of fear
Potions
 f - a potion of ambrosia {unknown}


   Skills:
 - Level 2.6 Fighting
 + Level 3.1 Short Blades
 - Level 1.5 Dodging
 - Level 6.0 Stealth


You had 2 spell levels left.
You didn't know any spells.
Your spell library was empty.

Dungeon Overview and Level Annotations

Branches:
Dungeon (6/15)
 Temple: D:4-7

Altars:
Gozag
Qazlal
Trog
Uskayaw

Annotations:
D:5 exclusion: downstairs


Innate Abilities, Weirdness & Mutations

You have extremely sharp teeth.
When hurt, damage is shared between your health and your magic reserves.
Your bite disrupts and absorbs the magic of your enemies.
Potions cannot restore your health.


Message History

You hit the iguana. Your bite misses the iguana.
The iguana is heavily wounded.
You barely miss the iguana.
The iguana is heavily wounded.
The iguana bites you.
You hit the iguana. Your bite misses the iguana.
The iguana is severely wounded.
You hit the iguana but do no damage.
The iguana is severely wounded.
The iguana bites you.
* * * LOW HITPOINT WARNING * * *
You closely miss the iguana.
The iguana is severely wounded.
You feel yourself slow down.
You hit the iguana but do no damage.
The iguana is severely wounded.
The iguana closely misses you.
You barely miss the iguana. Your bite misses the iguana.
The iguana is severely wounded.
The iguana bites you.
* * * LOW HITPOINT WARNING * * *
You barely miss the iguana.
The iguana is severely wounded.
The iguana misses you.
You hit the iguana but do no damage.
The iguana is severely wounded.
The iguana closely misses you.
You barely miss the iguana. Your bite misses the iguana.
The iguana is severely wounded.
The iguana bites you.
* * * LOW HITPOINT WARNING * * *
You completely miss the iguana.
The iguana is severely wounded.
You closely miss the iguana. You bite the iguana, but do no damage.
The iguana is severely wounded.
The iguana misses you.
You hit the iguana.
The iguana is almost dead.
The iguana bites you!
You die...

#..##.# #.###.#.# .
#.....# #.###.#.#.# .
#.....# #.....#.#.#..
#####.# #.###........
#.##.### #.# #.>..##..
#######..[...###.###..###
##.................##..#
#..#####......##...##..#
#l###......l@.##...##..#
#.##...####...##...##..#
##.#..## ##..#######..#
#....### #####.# #..#
#...##≈§_#...#.#
#..##≈≈g.##....#
#..#≈≈ggg####..#
#..'.§.._8 ##.#
##.#≈≈g..####..#


You could see an iguana.

Vanquished Creatures
  An iguana (D:5)
1 creature vanquished.

Notes
Turn   | Place    | Note
-------+----------+-------------------------------------------
     0 | D:5      | ragingrage the Vine Stalker Delver began the quest for the
                  | Orb.
     0 | D:5      | Reached XP level 1. HP: 11/11 MP: 2/2
     3 | D:6      | Noticed a scorpion
     3 | D:6      | Noticed a wight
     3 | D:6      | Noticed a wight
    13 | D:5      | Found an opulent altar of Gozag.
    15 | D:5      | Noticed an iguana
    57 | D:5      | Found a hide-covered altar of Uskayaw.
    57 | D:5      | Found a stormy altar of Qazlal.
    58 | D:5      | Noticed a gnoll bouda
    59 | D:5      | Found a bloodstained altar of Trog.
    73 | D:5      | Noticed an iguana
    78 | D:5      | Killed an iguana
    79 | D:5      | Reached XP level 2. HP: 16/16 MP: 3/3
    79 | D:5      | Reached XP level 3. HP: 19/19 MP: 4/4
   105 | D:5      | Mangled by an iguana

Illustrated notes

Levels and vault maps discovered:
D:5:      layout_basic, nicolae_overflow_crystal_walls,
          gammafunk_temple_overflow_claw, minmay_misc_feat_four_crosses,
          chequers_serial_rivers_micro_e, uniq_menkaure, uniq_eustachio
D:6:      layout_gridville, general_overflow_altar,
          nicolae_overflow_two_pavilions, uniq_blork_the_orc

Skill      XL: |  1 |
---------------+----+-----
Short Blades   | 3 |  3.1
Fighting       | |  2.6
Dodging        | |  1.5
Stealth        | |  6.0

Action                   || total
-------------------------++-------
Melee: Short sword       ||    20
       Bite              ||     2
  Use: Potion            ||     1
 Stab: Sleeping          ||     1
Dodge: Dodged            ||     9

Table legend: (Time is in decaauts)
 A = Elapsed time spent in this place.
 B = Non-inter-level travel time spent in this place.
 C = Inter-level travel time spent in this place.
 D = Time resting spent in this place.
 E = Time spent auto-exploring this place.
 F = Levels seen in this place.
 G = Mean time per level.
                   A        B        C        D        E       F      G
               +--------+--------+--------+--------+--------+-----+--------+
         Total |     82 |     82 |      0 |      0 |     13 |   2 |   41.0 |
       Dungeon |     82 |     82 |      0 |      0 |     13 |   2 |   41.0 |
               +--------+--------+--------+--------+--------+-----+--------+

Top non-repeatable levels by time:
     D:5: 80 daAuts
     D:6: 1 daAuts
